 Dungeon Crawl Stone Soup version 0.28.0-53-g5a82cb258f (webtiles) character file.

Game seed: 4352481250338698625

49 Atelerd the Digger (level 3, -4/21 HPs)
             Began as an Octopode Earth Elementalist on July 12, 2022.
             Slain by an orc
             ... wielding a +2 mace of protection
              (9 damage)
             ... on level 2 of the Dungeon.
             The game lasted 00:03:08 (2297 turns).

Atelerd the Digger (Octopode Earth Elementalist)    Turns: 2297, Time: 00:03:09

Health: -4/21      AC:  1    Str:  7    XL:     3   Next: 77%
Magic:  6/6        EV: 13    Int: 19    God:
Gold:   47         SH:  0    Dex: 12    Spells: 6/7 levels left

rFire   . . .      SeeInvis .   c - +0 dagger
rCold   . . .      Faith    .   (no shield)
rNeg    . . .      Spirit   .   (helmet restricted)
rPois   .          Reflect  .   (no amulet)
rElec   .          Harm     .   (no ring)
rCorr   .          Rampage  .   (no ring)
Will    .....                   (no ring)
Stlth   +++.......              (no ring)
HPRegen 0.07/turn               (no ring)
MPRegen 0.10/turn               (no ring)
                                (no ring)
                                (no ring)

@: no status effects
A: almost no armour, amphibious, 8 rings, camouflage 1, gelatinous body 1,
(nimble swimmer 1), tentacles
a: no special abilities


You were on level 2 of the Dungeon.
You visited 1 branch of the dungeon, and saw 2 of its levels.

You collected 47 gold pieces.

Inventory:

Hand Weapons
 c - a +0 dagger (weapon)
Missiles
 b - 50 stones
Jewellery
 e - an amulet of reflection
Scrolls
 d - a scroll of enchant weapon {unknown}
 f - a scroll of identify {unknown}
Potions
 a - a potion of ambrosia {unknown}
 g - a potion of heal wounds {unknown}
 h - a potion of mutation {unknown}
 i - a potion of flight {unknown}


   Skills:
 - Level 0.2 Fighting
 + Level 2.2 Dodging
 + Level 3.1 Stealth
 + Level 2.6 Spellcasting
 + Level 1.3 Transmutations
 + Level 3.7 Earth Magic


You had 6 spell levels left.
You knew the following spells:

 Your Spells              Type           Power      Damage    Failure   Level
a - Sandblast             Erth           32%        2d9       3%          1

Your spell library contained the following spells:

 Spells                   Type           Power      Damage    Failure   Level
 Passwall                 Tmut/Erth      10%        N/A       9%          2
 Stone Arrow              Conj/Erth      18%        3d8       22%         3
 Petrify                  Tmut/Erth      12%        N/A       50%         4


Dungeon Overview and Level Annotations

Branches:
Dungeon (2/15)

Altars:

Shops:
D:1 (


Innate Abilities, Weirdness & Mutations

You cannot wear most types of armour.
You are amphibious.
You can wear up to eight rings at the same time.
Your skin changes colour to match your surroundings (Stealth+).
Your rubbery body absorbs attacks. (AC +1, EV +1)
((You are camouflaged when in or above water. (Stealth+)))
You have tentacles for arms and can constrict up to eight enemies at once.


Message History

Aim: an orc, wielding a +2 mace of protection and wearing a +0 scale mail (lightly wounded, constricted by you, 100% to hit)
The blast of sand hits the orc but does no damage.
The orc is lightly wounded.
You constrict the orc, but do no damage.
The orc hits you with a +2 mace of protection.
* * * LOW HITPOINT WARNING * * *
Casting: Sandblast (safe; 3% risk of failure)
Confirm with . or Enter, or press ? or * to list all spells.
Aiming: Sandblast (safe; 3% risk of failure)
Press: ? - help, Shift-Dir - straight line, f/p - orc
Aim: an orc, wielding a +2 mace of protection and wearing a +0 scale mail (lightly wounded, constricted by you, 100% to hit)
The blast of sand hits the orc but does no damage.
The orc is lightly wounded.
You constrict the orc, but do no damage.
The orc barely misses you.
You release your grip on the orc.
There is a stone staircase leading down here.
There is a stone staircase leading down here.
Casting: Sandblast (safe; 3% risk of failure)
Confirm with . or Enter, or press ? or * to list all spells.
Aiming: Sandblast (safe; 3% risk of failure)
Press: ? - help, Shift-Dir - straight line, f/p - orc
Aim: an orc, wielding a +2 mace of protection and wearing a +0 scale mail (82% to hit)
You miscast Sandblast.
You are very lightly contaminated with residual magic.
Nothing appears to happen.
The orc hits you with a +2 mace of protection.
* * * LOW HITPOINT WARNING * * *
Your magical contamination has completely faded away.
Press: ? - help, v - describe, . - travel
Here: an orc, wielding a +2 mace of protection and wearing a +0 scale mail The floor.
Things that are here:
a +0 club; a ball python corpse
Found 7 gold pieces.
A rat comes into view.
Found 25 bolts.
You see here 8 gold pieces.
The orc hits you with a +2 mace of protection!
You die...

###. .(. ... ###.### #.....##
#.$88.### #(..##@##..
###..r.o..#.. #.#..(#.###.#
### ##....#.# ..#### ... #
##)..##.## #.... ..# # #.
#†.###.#.. #..# #.#.#
#..#.##########..#####.#.#
#....).o...........>.....#
#.######.##.#....##.##.######


You could see an orc and a rat.

Vanquished Creatures
  A dart slug (D:1)
  An orc (D:2)
  5 endoplasms
  2 giant cockroaches (D:1)
  4 goblins
  5 hobgoblins
  2 quokkas (D:1)
  5 ball pythons
  7 bats (D:1)
  7 kobolds
  2 rats
41 creatures vanquished.

Notes
Turn   | Place    | Note
-------+----------+-------------------------------------------
     0 | D:1      | Atelerd the Octopode Earth Elementalist began the quest for
                  | the Orb.
     0 | D:1      | Reached XP level 1. HP: 11/11 MP: 3/3
   332 | D:1      | Reached XP level 2. HP: 17/17 MP: 3/5
   472 | D:1      | Found Xesmig's Weapon Boutique.
  1235 | D:1      | Found a faded altar of an unknown god.
  1264 | D:1      | Reached XP level 3. HP: 18/21 MP: 3/6
  2297 | D:2      | Slain by an orc

Illustrated notes

Levels and vault maps discovered:
D:1:      lemuel_arrival_broad_hall, layout_basic,
          hellmonk_ecumenical_altar_heavens_door, serial_shops, shop,
          minmay_tiny_reverse_x
D:2:      layout_loops_cross, chequers_avenue, guppyfry_early_orc_mine

Skill      XL: |  1  2  3 |
---------------+----------+-----
Stealth        | 3 |  3.1
Fighting       | |  0.2
Dodging        | |  2.2
Spellcasting   | |  2.6
Transmutations | |  1.3
Earth Magic    | |  3.7

Action                   || total
-------------------------++-------
Melee: Unarmed           ||     8
       Constrict         ||    16
       Tentacles         ||    13
       Punch             ||     3
       Dagger            ||    45
 Cast: Sandblast         ||    32
 Stab: Sleeping          ||     5
Armor: Skin              ||     7
Dodge: Dodged            ||    49
